 Seeded DCSS version 0.31-a0-851-g7ff8af7976 (webtiles) character file.

Game seed: 8555861203913339888 (custom seed)

28 Psyclone the Ruffian (level 3, 18/18 HPs)
             Began as a Draconian Shapeshifter on Oct 5, 2023.
             Quit the game on level 1 of the Dungeon.
             The game lasted 00:02:37 (723 turns).

Psyclone the Ruffian (Draconian Shapeshifter)        Turns: 723, Time: 00:02:38

Health: 18/18      AC:  9    Str: 16    XL:     3   Next: 0%
Magic:  3/3        EV: 12    Int: 10    God:
Gold:   85         SH:  0    Dex: 12    Spells: 2/2 levels left

rFire   . .          .
                       - Unarmed
rCold   . . .        (shield currently unavailable)
rNeg    . . .        (body armour unavailable)
rPois   .            (helmet restricted)
rElec   .            i - +2 cloak of the Thief {*Fog Slay-2 SInv Stlth+}
rCorr   .            (no gloves)
SInv    +            f - +0 pair of boots
Will    .....        (no amulet)
Stlth   +            (no ring)
HPRegen 0.23/turn    (no ring)
MPRegen 0.08/turn

%: no passive effects
@: flux-form, glowing, studying 2 skills
A: glow, contaminating, reduced hp, AC +5, unfitting armour, cold-blooded
a: Begin Untransformation


You were on level 1 of the Dungeon.
You were something dangerously unstable.
You visited 1 branch of the dungeon, and saw 1 of its levels.

You collected 85 gold pieces.

Inventory:

Armour
 f - a +0 pair of boots (worn)
 i - the +2 cloak of the Thief (worn) {*Fog Slay-2 SInv Stlth+}
   (You acquired it on level 1 of the Dungeon)

   *Fog:      It may release a thick cloud of smoke when the wearer is hurt.
   Slay-2:    It affects your accuracy & damage with ranged weapons and melee
   (-2).
   SInv:      It lets you see invisible.
   Stlth+:    It makes you more stealthy.
Talismans
 b - a beast talisman
 c - a flux talisman (active)
Scrolls
 g - a scroll of enchant armour {unknown}
Potions
 a - a potion of lignification
 d - 2 potions of ambrosia {unknown}
 e - a potion of berserk rage {unknown}
 h - a potion of attraction {unknown}


   Skills:
 + Level 1.8 Fighting
 + Level 2.2 Dodging
 + Level 3.3 Unarmed Combat
 + Level 3.2 Shapeshifting


You had 2 spell levels left.
You didn't know any spells.
Your spell library was empty.

Dungeon Overview and Level Annotations

Branches:
Dungeon (1/15) Zot: 5279

Altars:


Innate Abilities, Weirdness & Mutations

You are something dangerously unstable.
You glow with magical radiation, making you easy to see and hit.
Foes you strike become dangerously contaminated with magical radiation.
Your maximum health is decreased, since you lack skill for your form.
You are incapable of wielding weapons or throwing items.
Your plain brown scales are hard. (AC +5)
You cannot fit into any form of body armour.
You are cold-blooded and may be slowed by cold attacks.


Message History

You hit the rat.
The rat begins to glow.
Your tail-slap misses the rat.
The rat is moderately wounded.
The bat misses you.
You hit the rat.
You kill the rat!
The bat closely misses you.
You miss the bat. The bat hits you but does no damage.
The bat closely misses you. The bat closely misses you.
You miss the bat.
Your tail-slap misses the bat.
The bat barely misses you. The bat closely misses you. The bat hits you.
You take 1 damage, and have 10/15 hp.
You hit the bat.
You kill the bat!
You have reached level 3!
Your experience leads to an increase in your attributes!
Increase (S)trength, (I)ntelligence, or (D)exterity?
You feel agile. x2; Your scales feel tougher.
You regained 3 hp, and now have 13/18 hp.
MP restored: 3 You now have 60 gold pieces (gained 16).
You now have 73 gold pieces (gained 13).
There is a stone staircase leading down here.
i - 3 scrolls labelled XUBBEDGHI ZUXAESU Health restored: 18 This is a scroll of acquirement!
You see here a manual of Summonings.
Something appears at your feet!
You see here a manual of Shields.
Something appears at your feet! Something appears at your feet!
You start putting on your armour.
You continue putting on the +2 cloak of the Thief {*Fog Slay-2 SInv Stlth+}. x4
You finish putting on the +2 cloak of the Thief {*Fog Slay-2 SInv Stlth+}.
You pick up a manual of Shields and begin studying.
You pick up a manual of Summonings and begin studying.
You now have 85 gold pieces (gained 12).
Assign waypoint to what number? (0-9)
Okay, then.
Unknown command.
Are you sure you want to abandon this character and quit the game? (Confirm with "yes".)

#.............# #.#.#####.###.#
#.#.....#.###.# ####
.....##.#.....# #...
......#.#.....# ######### #.##
..............####.......# #..#
..........###............# #...
....#........#...........#####..#
....#..........#p................
....#.......................##...
....#...##.....#.............#...
....###..........#...........##..
.........#.......#.#...#......#..
###..............#.#...#.###..#..
#......#.......#.#...#......#..
#..............................
###>.............................


There were no monsters in sight!

Vanquished Creatures
  2 bats (D:1)
  An endoplasm (D:1)
  6 hobgoblins (D:1)
  5 jackals (D:1)
  4 quokkas (D:1)
  5 frilled lizards (D:1)
  A rat (D:1)
24 creatures vanquished.

Notes
Turn   | Place    | Note
-------+----------+-------------------------------------------
     0 | D:1      | Psyclone the Draconian Shapeshifter began the quest for the
                  | Orb.
     0 | D:1      | Reached XP level 1. HP: 16/16 MP: 1/1
    92 | D:1      | Reached XP level 2. HP: 14/23 MP: 2/2
   605 | D:1      | Reached XP level 3. HP: 13/29 MP: 3/3
   687 | D:1      | Identified 3 scrolls of acquirement
   687 | D:1      | Acquired a manual of Summonings
   688 | D:1      | Acquired a manual of Shields
   689 | D:1      | Acquired the +2 cloak of the Thief {*Fog Slay-2 SInv
                  | Stlth+}
   689 | D:1      | Found the +2 cloak of the Thief {*Fog Slay-2 SInv Stlth+}
   723 | D:1      | Quit the game

Illustrated notes

Levels and vault maps discovered:
D:1:      dpeg_arrival_more_subterranean_lakeside_camping, layout_basic

Skill      XL: |  1 |
---------------+----+-----
Dodging        | 2 |  2.2
Fighting       | |  1.8
Unarmed Combat | |  3.3
Shapeshifting  | |  3.2

Action                     || total
---------------------------++-------
  Melee: Unarmed           ||    76
         Tailslap          ||     9
    Use: Scroll            ||     8
 Armour: Skin              ||    68
  Dodge: Dodged            ||    75
   Form: Flux              ||     1

Table legend: (Time is in decaauts)
 A = Elapsed time spent in this place.
 B = Non-inter-level travel time spent in this place.
 C = Inter-level travel time spent in this place.
 D = Time resting spent in this place.
 E = Time spent auto-exploring this place.
 F = Levels seen in this place.
 G = Mean time per level.
                   A        B        C        D        E       F      G
               +--------+--------+--------+--------+--------+-----+--------+
         Total |    720 |    720 |      0 |    159 |    318 |   1 |  720.0 |
       Dungeon |    720 |    720 |      0 |    159 |    318 |   1 |  720.0 |
               +--------+--------+--------+--------+--------+-----+--------+

Top non-repeatable levels by time:
     D:1: 720 daAuts
